AoeStats
← zuzmuz

Highland

505313648Analyzed
3v3 RM · 23d ago on Sep 8, 2026· 40m 34s· 6 players
Game mode
Random Map
Map size
Normal (6 player)
Population
200
Speed
Normal
Resources
Standard
Victory
Conquest
Starting age
Dark Age
Ending age
Imperial Age
RankedLock teamsTeams togetherTeam positionsShared explorationLock speedFull tech treeHidden civsTurbo modeCheats
Victory
Defeat
🇮🇶 Mongols · Iraq
1227
+20
🇫🇷 Franks · France
1224
+20
🇱🇧 Cumans · Lebanon
1210
+20
🇱🇺 Saracens · Luxembourg
1329
-21
🇨🇳 Mongols · China
1321
-20
🇺🇸 Persians · United States
1274
-19
Cheesewheel24
10:21 Feudal Age
9:23 Loom
11:14 Feudal Age
12:11 Double-Bit Axe
12:08 Horse Collar
17:05 Castle Age
27:21 Scale Barding Armor
27:26 Forging
27:58 Husbandry
31:37 Gold Mining
34:25 Imperial Age
34:01 Wheelbarrow
37:13 Chain Barding Armor
37:14 Bow Saw
37:51 Bloodlines
37:45 Cavalier
40:13 Iron Casting
40:16 Plate Barding Armor
Skrepee
8:48 Loom
11:21 Feudal Age
11:57 Double-Bit Axe
13:29 Horse Collar
15:52 Fletching
18:25 Padded Archer Armor
21:41 Castle Age
22:00 Crossbowman
22:46 Thumb Ring
22:40 Bodkin Arrow
26:56 Ballistics
26:25 Pikeman
30:06 Leather Archer Armor
38:17 Imperial Age
36:25 Wheelbarrow
35:35 Town Watch
37:54 Hand Cart
38:41 Scale Barding Armor
40:33 Chain Barding Armor
Mr.Robin
10:28 Feudal Age
11:01 Loom
15:00 Castle Age
13:16 Double-Bit Axe
zuzmuz
6:55 Loom
8:58 Feudal Age
10:27 Double-Bit Axe
12:00 Horse Collar
20:25 Castle Age
20:18 Gold Mining
21:21 Bloodlines
21:12 Husbandry
23:17 Scale Barding Armor
23:22 Forging
23:13 Padded Archer Armor
23:04 Fletching
29:02 Wheelbarrow
33:02 Imperial Age
31:46 Bodkin Arrow
32:07 Leather Archer Armor
33:55 Chain Barding Armor
34:11 Iron Casting
33:59 Ballistics
33:34 Murder Holes
34:15 Conscription
35:40 Chemistry
35:23 Parthian Tactics
36:55 Heavy Plow
37:18 Bracer
38:42 Gold Shaft Mining
38:57 Elite Mangudai
39:59 Caravan
40:30 Bow Saw
Captain Coach
6:26 Loom
9:18 Feudal Age
13:33 Double-Bit Axe
16:12 Horse Collar
19:09 Wheelbarrow
22:18 Castle Age
21:17 Scale Barding Armor
22:14 Forging
21:59 Gold Mining
22:42 Bloodlines
23:39 Bow Saw
24:09 Heavy Plow
24:47 Chain Barding Armor
26:04 Hand Cart
30:36 Fletching
30:47 Padded Archer Armor
33:23 Imperial Age
31:25 Bodkin Arrow
32:30 Leather Archer Armor
34:08 Ballistics
35:41 Chemistry
36:22 Ring Archer Armor
36:23 Conscription
35:52 Elite Kipchak
37:08 Steppe Husbandry
40:33 Thumb Ring
40:54 Parthian Tactics
Kavorr
6:32 Loom
9:08 Feudal Age
9:44 Double-Bit Axe
20:31 Castle Age
20:08 Scale Barding Armor
20:16 Forging
21:13 Husbandry
25:11 Chain Barding Armor
26:54 Bow Saw
26:54 Gold Mining
30:34 Wheelbarrow
40:55 Imperial Age
41:14 Gold Shaft Mining
Connection lost

Rejoining the realm…

Still unreachable

The connection could not be restored.

Session expired

The server has moved on; the page needs a fresh start.